[Event "World Senior chT-50 2019"]
[Site "Rhodes"]
[Date "2019.04.16"]
[Round "1.20"]
[White "Gruenfeld, Yehuda"]
[Black "Harlinska, Sandra"]
[Result "1-0"]
[ECO "B19"]
[WhiteElo "2428"]
[BlackElo "1833"]
[Annotator "NA RC"]
[PlyCount "65"]
[EventDate "2019.04.16"]
[EventType "team-tourn"]
[EventCountry "GRE"]
[SourceTitle "playchess.com"]
[Source "ChessBase"]
[SourceQuality "1"]
[WhiteTeam "Israel"]
[BlackTeam "Latvia"]
[WhiteTeamCountry "ISR"]
[BlackTeamCountry "LAT"]
[TimeControl "40/5400+30:1800+30"]

1. e4 c6 2. d4 d5 3. Nc3 dxe4 4. Nxe4 Bf5 5. Ng3 Bg6 6. h4 h6 7. h5 Bh7 8. Nf3 Nd7 9. Bd3 Bxd3 10. Qxd3 Ngf6 11. Bd2 e6 12. Qe2 Be7 13. O-O-O Qc7 14. Ne5 Nxe5 15. dxe5 Nd7 16. f4 O-O-O 17. Ne4 Nc5 18. Nc3 Kb8 19. Be3 Qa5 20. Qf2 Na4 21. Bxa7+ Ka8 22. Nxa4 Qxa4 23. Bb6 Rxd1+ 24. Rxd1 Qxa2 25. Qd4 Qa1+ 26. Kd2 Qa6 27. b4 Kb8 28. Ke3 Qa3+ 29. c3 Qb3 30. Ba7+ Ka8 31. Ra1 Re8 32. Bc5+ Kb8 33. Bd6+ 1-0

[Event "World Senior chT-50 2019"]
[Site "Rhodes"]
[Date "2019.04.16"]
[Round "1.22"]
[White "Gamback, Bjorn"]
[Black "Mariotti, Sergio"]
[Result "1/2-1/2"]
[ECO "B22"]
[WhiteElo "2101"]
[BlackElo "2280"]
[Annotator "NA"]
[PlyCount "55"]
[EventDate "2019.04.16"]
[EventType "team-tourn"]
[EventCountry "GRE"]
[SourceTitle "playchess.com"]
[Source "ChessBase"]
[SourceQuality "1"]
[WhiteTeam "Sweden"]
[BlackTeam "Italy"]
[WhiteTeamCountry "SWE"]
[BlackTeamCountry "ITA"]
[TimeControl "40/5400+30:1800+30"]

1. e4 c5 2. Nf3 e6 3. c3 d5 4. exd5 Qxd5 5. d4 Nf6 6. Bd3 cxd4 7. cxd4 Be7 8. Nc3 Qd6 9. Bg5 O-O 10. O-O Nc6 11. Rc1 Rd8 12. Nb5 Qd7 13. Ne5 Nxe5 14. Rc7 Nxd3 15. Rxd7 Bxd7 16. Qxd3 Bxb5 17. Qxb5 b6 18. Qa4 Nd5 19. Bxe7 Nxe7 20. Rc1 Nd5 21. Kf1 a5 22. a3 Rac8 23. Rc4 Rxc4 24. Qxc4 g6 25. g3 Kg7 26. Ke2 Rd7 27. Qb5 Rc7 28. Kd2 1/2-1/2

[Event "World Senior chT-50 2019"]
[Site "Rhodes"]
[Date "2019.04.16"]
[Round "1.31"]
[White "Grushka, Carlos"]
[Black "Adams, Mark"]
[Result "1-0"]
[ECO "A43"]
[WhiteElo "2251"]
[BlackElo "1971"]
[Annotator "NA"]
[PlyCount "83"]
[EventDate "2019.04.16"]
[EventType "team-tourn"]
[EventCountry "GRE"]
[SourceTitle "playchess.com"]
[Source "ChessBase"]
[SourceQuality "1"]
[WhiteTeam "Argentina"]
[BlackTeam "Wales"]
[WhiteTeamCountry "ARG"]
[BlackTeamCountry "WLS"]
[TimeControl "40/5400+30:1800+30"]

1. d4 Nf6 2. g3 c5 3. d5 d6 4. Bg2 g6 5. Nc3 Bg7 6. Nf3 O-O 7. O-O Na6 8. Nd2 Nc7 9. a4 Bd7 10. Nc4 Rb8 11. Re1 Nfe8 12. e4 e5 13. dxe6 Bxe6 14. Nd5 Nxd5 15. exd5 Bf5 16. g4 Bc8 17. Bf4 b6 18. c3 Ba6 19. Bf1 Bxc4 20. Bxc4 Nc7 21. Qf3 Qd7 22. Qg3 Rfd8 23. Re3 Bf8 24. Qh4 f6 25. Qxf6 Qxg4+ 26. Rg3 Qd7 27. Re1 Qf7 28. Qg5 Re8 29. Re6 Nxe6 30. dxe6 Qe7 31. Qd5 Kh8 32. Bg5 Qb7 33. Bf6+ Bg7 34. Bxg7+ Qxg7 35. Bb5 Re7 36. Qxd6 Rf8 37. Bc6 Rf6 38. Bd5 Qf8 39. Qe5 Qg7 40. Re3 Rf5 41. Qb8+ Qf8 42. Qxf8+ {[%emt 0:02:28] Rff7 [%emt 00:00:05] Qxe7 Rxe7 [%clk 00:29:49] c4 [%clk 00:25:38] [%emt 00:00:26]} 1-0

[Event "World Senior chT-50 2019"]
[Site "Rhodes"]
[Date "2019.04.16"]
[Round "1.32"]
[White "Hughes, Anthony"]
[Black "Perez Wertheim, Rodolfo"]
[Result "0-1"]
[ECO "A49"]
[WhiteElo "1910"]
[BlackElo "1914"]
[Annotator "NA"]
[PlyCount "82"]
[EventDate "2019.04.16"]
[EventType "team-tourn"]
[EventCountry "GRE"]
[SourceTitle "playchess.com"]
[Source "ChessBase"]
[SourceQuality "1"]
[WhiteTeam "Wales"]
[BlackTeam "Argentina"]
[WhiteTeamCountry "WLS"]
[BlackTeamCountry "ARG"]
[TimeControl "40/5400+30:1800+30"]

1. d4 Nf6 2. Nf3 g6 3. g3 Bg7 4. Bg2 O-O 5. O-O d6 6. a4 Nbd7 7. a5 Rb8 8. Nc3 c5 9. e4 cxd4 10. Nxd4 a6 11. Be3 Ne5 12. Qe2 Qc7 13. Nd5 Nxd5 14. exd5 Nc4 15. Ra4 Nxe3 16. fxe3 Bd7 17. Qc4 Qc5 18. Rb4 Qxa5 19. Nb3 Qd8 20. Nd4 b5 21. Qa2 a5 22. Rb3 Bxd4 23. exd4 Qb6 24. Rd3 Rbc8 25. Rd2 Rc4 26. c3 Rfc8 27. Rc1 b4 28. Bf1 bxc3 29. bxc3 Rxc3 30. Rb1 Qa7 31. Ra1 Rc1 32. Kf2 a4 33. Ke3 Qb6 34. Bd3 R8c3 35. Rb2 Qa6 36. Rd2 Rxa1 37. Qxa1 Qc4 38. Qb1 Bf5 39. Ke2 Rxd3 40. Rxd3 a3 41. Qb3 Qxd3+ 0-1

[Event "World Senior chT-50 2019"]
[Site "Rhodes"]
[Date "2019.04.16"]
[Round "1.33"]
[White "Mitrandzas, Athanasios"]
[Black "Wallner, Joachim"]
[Result "0-1"]
[ECO "E17"]
[WhiteElo "2055"]
[BlackElo "2271"]
[Annotator "ChessBase"]
[PlyCount "82"]
[EventDate "2019.04.16"]
[EventType "team-tourn"]
[EventCountry "GRE"]
[SourceTitle "playchess.com"]
[Source "ChessBase"]
[SourceQuality "1"]
[WhiteTeam "Greece"]
[BlackTeam "Austria"]
[WhiteTeamCountry "GRE"]
[BlackTeamCountry "AUT"]
[TimeControl "40/5400+30:1800+30"]

1. c4 Nf6 2. g3 c6 3. Nf3 d5 4. Bg2 e6 5. b3 Be7 6. O-O O-O 7. Bb2 b6 8. d3 Bb7 9. Nbd2 c5 10. cxd5 Nxd5 11. d4 Nd7 12. Nc4 N7f6 13. Re1 b5 14. Nce5 Qb6 15. e4 Nc7 16. Qc2 Na6 17. a3 Rac8 18. d5 Nc7 19. Nxf7 Rxf7 20. d6 Bxd6 21. e5 Be4 22. Rxe4 Nxe4 23. exd6 Nxd6 24. Ng5 Rf5 25. h4 h6 26. g4 hxg5 27. gxf5 Nxf5 28. hxg5 Qd6 29. Qe4 Qd2 30. Qb7 Nd6 31. Qc6 Qxb2 32. Rd1 Nce8 33. Qd7 Qe5 34. g6 Rb8 35. Qxa7 Rd8 36. Rd3 Qf6 37. Rf3 Nf5 38. Qxc5 Qxg6 39. Qxb5 Nf6 40. Qb6 Rd1+ 41. Kh2 Ng4+ 0-1

[Event "World Senior chT-50 2019"]
[Site "Rhodes"]
[Date "2019.04.16"]
[Round "1.34"]
[White "Denk, Adolf"]
[Black "Ilandzis, Spyridon"]
[Result "1/2-1/2"]
[ECO "A31"]
[WhiteElo "2255"]
[BlackElo "2021"]
[Annotator "NA"]
[PlyCount "39"]
[EventDate "2019.04.16"]
[EventType "team-tourn"]
[EventCountry "GRE"]
[SourceTitle "playchess.com"]
[Source "ChessBase"]
[SourceQuality "1"]
[WhiteTeam "Austria"]
[BlackTeam "Greece"]
[WhiteTeamCountry "AUT"]
[BlackTeamCountry "GRE"]
[TimeControl "40/5400+30:1800+30"]

1. d4 Nf6 2. Nf3 c5 3. c4 cxd4 4. Nxd4 e5 5. Nb5 d5 6. cxd5 Bc5 7. N5c3 O-O 8. e3 e4 9. Be2 Qe7 10. Nd2 Rd8 11. Nb3 Bb4 12. Bd2 Bxc3 13. bxc3 Nxd5 14. Qc2 Nc6 15. O-O Bf5 16. Nd4 Bg6 17. Rab1 Rac8 18. Qa4 Nb6 19. Qb5 Rd5 20. Qb3 1/2-1/2

[Event "World Senior chT-50 2019"]
[Site "Rhodes"]
[Date "2019.04.16"]
[Round "1.35"]
[White "Hrisanthopoulos, Dimitrios"]
[Black "Ernst, Michael"]
[Result "1/2-1/2"]
[ECO "C11"]
[WhiteElo "1995"]
[BlackElo "2184"]
[Annotator "NA"]
[PlyCount "62"]
[EventDate "2019.04.16"]
[EventType "team-tourn"]
[EventCountry "GRE"]
[SourceTitle "playchess.com"]
[Source "ChessBase"]
[SourceQuality "1"]
[WhiteTeam "Greece"]
[BlackTeam "Austria"]
[WhiteTeamCountry "GRE"]
[BlackTeamCountry "AUT"]
[TimeControl "40/5400+30:1800+30"]

1. e4 e6 2. d4 d5 3. Nc3 Nf6 4. e5 Nfd7 5. f4 c5 6. Nf3 Nc6 7. Be3 cxd4 8. Nxd4 Bc5 9. Qd2 Bxd4 10. Bxd4 Nxd4 11. Qxd4 Qb6 12. Qd2 a6 13. O-O-O Nc5 14. Bd3 Bd7 15. Kb1 O-O-O 16. Qf2 Na4 17. Qxb6 Nxb6 18. Ne2 f6 19. Nd4 h5 20. Rhe1 f5 21. Re3 h4 22. b3 g5 23. fxg5 Rdg8 24. Rh3 Rxg5 25. g3 Rgh5 26. Nf3 hxg3 27. Rxg3 Be8 28. Rdg1 Kd8 29. Rg7 Nd7 30. h4 R5h6 31. b4 Bh5 1/2-1/2

[Event "World Senior chT-50 2019"]
[Site "Rhodes"]
[Date "2019.04.16"]
[Round "1.36"]
[White "Kranzl, Peter"]
[Black "Papadimitriou, Loukas"]
[Result "1/2-1/2"]
[ECO "C42"]
[WhiteElo "2145"]
[BlackElo "1943"]
[Annotator "ChessBase"]
[PlyCount "61"]
[EventDate "2019.04.16"]
[EventType "team-tourn"]
[EventCountry "GRE"]
[SourceTitle "playchess.com"]
[Source "ChessBase"]
[SourceQuality "1"]
[WhiteTeam "Austria"]
[BlackTeam "Greece"]
[WhiteTeamCountry "AUT"]
[BlackTeamCountry "GRE"]
[TimeControl "40/5400+30:1800+30"]

1. e4 e5 2. Nf3 Nf6 3. Nxe5 d6 4. Nd3 Nxe4 5. Qe2 Qe7 6. b3 Bf5 7. Bb2 Nd7 8. Na3 O-O-O 9. O-O-O Nef6 10. f3 Qxe2 11. Bxe2 h5 12. Nc4 Be7 13. Ne3 Bh7 14. Nf4 c6 15. h4 Rhe8 16. Bd3 Bxd3 17. Nxd3 g6 18. Rdf1 d5 19. g4 Bd6 20. g5 Ng8 21. f4 Nc5 22. Nxc5 Bxc5 23. f5 d4 24. Ng2 Ne7 25. fxg6 fxg6 26. Rf6 Nd5 27. Rxg6 Re2 28. Ne1 Bb4 29. Nd3 Bxd2+ 30. Kb1 Ne7 31. Rf6 1/2-1/2

[Event "World Senior chT-50 2019"]
[Site "Rhodes"]
[Date "2019.04.16"]
[Round "1.37"]
[White "Strutinskaia, Galina"]
[Black "Zimmermann, Rolf"]
[Result "1/2-1/2"]
[ECO "E06"]
[WhiteElo "2208"]
[BlackElo "2086"]
[Annotator "NA"]
[PlyCount "156"]
[EventDate "2019.04.16"]
[EventType "team-tourn"]
[EventCountry "GRE"]
[SourceTitle "playchess.com"]
[Source "ChessBase"]
[SourceQuality "1"]
[WhiteTeam "Russia"]
[BlackTeam "Germany"]
[WhiteTeamCountry "RUS"]
[BlackTeamCountry "GER"]
[TimeControl "40/5400+30:1800+30"]

1. d4 d5 2. c4 e6 3. Nf3 Nf6 4. g3 Be7 5. Bg2 O-O 6. O-O c6 7. Qc2 b6 8. b3 Bb7 9. Nc3 Nbd7 10. cxd5 cxd5 11. Bf4 Rc8 12. Qb2 Nh5 13. Bd2 Bd6 14. Nb5 Bb8 15. Bb4 Re8 16. Nd6 Bxd6 17. Bxd6 Rc6 18. Ba3 Qa8 19. Rfd1 Rec8 20. Qd2 Nhf6 21. Qf4 Ne4 22. Bf1 Ba6 23. Bb4 Qb8 24. Qxb8 Rxb8 25. Ne1 Rbc8 26. a4 Bb7 27. f3 Nd6 28. Kf2 a5 29. Bd2 Ba6 30. g4 f6 31. Rdc1 Rxc1 32. Rxc1 Rxc1 33. Bxc1 Kf7 34. Ba3 Nc8 35. h4 Nb8 36. Bg2 b5 37. e4 b4 38. Bc1 Nc6 39. Ke3 Nd6 40. Bb2 Ne7 41. h5 g6 42. hxg6+ hxg6 43. Nd3 Bxd3 44. Kxd3 g5 45. Bf1 Nb7 46. Bc1 Nd8 47. Be3 Ndc6 48. Kd2 Ng6 49. Ba6 Nge7 50. Bb5 Kg6 51. Bf2 Kf7 52. Kd3 Kg6 53. Bg3 Kf7 54. Bc7 Kg6 55. Ke3 f5 56. Bd6 f4+ 57. Kd3 Kf7 58. Bc5 Kf6 59. Kd2 Kf7 60. Bd3 Kf6 61. Ba6 Kf7 62. Kd3 Ke8 63. Bd6 Kf7 64. Bb7 Kf6 65. Bc7 Kf7 66. Be5 Kg6 67. Bc7 Kf7 68. Bd6 Kf6 69. Ba6 Kf7 70. Bb5 Kf6 71. Bc5 Kf7 72. Bb6 Kf6 73. Bc7 Kf7 74. Bd6 Kf6 75. Bc5 Kf7 76. Bd6 Kf6 77. Bc7 Kf7 78. Be5 Kg6 1/2-1/2

[Event "World Senior chT-50 2019"]
[Site "Rhodes"]
[Date "2019.04.16"]
[Round "1.38"]
[White "Hoehn, Michael"]
[Black "Kozlovskaya, Valentina"]
[Result "1/2-1/2"]
[ECO "B21"]
[WhiteElo "2040"]
[BlackElo "2161"]
[Annotator "NA"]
[PlyCount "140"]
[EventDate "2019.04.16"]
[EventType "team-tourn"]
[EventCountry "GRE"]
[SourceTitle "playchess.com"]
[Source "ChessBase"]
[SourceQuality "1"]
[WhiteTeam "Germany"]
[BlackTeam "Russia"]
[WhiteTeamCountry "GER"]
[BlackTeamCountry "RUS"]
[TimeControl "40/5400+30:1800+30"]

1. Nf3 c5 2. e4 e6 3. d4 cxd4 4. c3 d3 5. Bxd3 d6 6. O-O Be7 7. c4 Nc6 8. Nc3 Nf6 9. h3 O-O 10. Bf4 e5 11. Bg5 h6 12. Bxf6 Bxf6 13. Qd2 Be6 14. Be2 a6 15. Nd5 Bxd5 16. Qxd5 Qe7 17. Rad1 Rfd8 18. a3 Qc7 19. b4 Ne7 20. Qd2 Ng6 21. g3 a5 22. b5 Nf8 23. Qb2 Ne6 24. b6 Qc6 25. Rd5 Nc5 26. Nd2 Bg5 27. f4 Bf6 28. Qb5 exf4 29. gxf4 Bc3 30. Bf3 Qxb5 31. cxb5 Ne6 32. Bg4 Bd4+ 33. Kg2 Bxb6 34. Nc4 Bc5 35. a4 b6 36. Rd3 Rab8 37. Bxe6 fxe6 38. Rfd1 Rf8 39. Kg3 g5 40. fxg5 hxg5 41. Nxd6 Rf4 42. Rf3 Rd8 43. e5 Rxa4 44. Rf6 Be3 45. Rxe6 Rb4 46. Kf3 Bf4 47. Rg1 Rf8 48. Ke2 Rb2+ 49. Kd3 Rb3+ 50. Ke4 Rxh3 51. Nc4 Rc3 52. Kd5 Rd3+ 53. Ke4 Rc3 54. Kd4 Rb3 55. Rxb6 Rb4 56. Kc5 Re8 57. e6 Rxc4+ 58. Kxc4 Be3 59. Rxg5+ Bxg5 60. Ra6 Be3 61. Kd5 Bd2 62. b6 Kg7 63. Ra7+ Kf6 64. Rf7+ Kg6 65. Rf2 Be3 66. Rb2 Rd8+ 67. Kc6 Bxb6 68. Rxb6 Kf6 69. Kc5 Ke7 70. Ra6 Rd2 1/2-1/2

[Event "World Senior chT-50 2019"]
[Site "Rhodes"]
[Date "2019.04.16"]
[Round "1.39"]
[White "Fatalibekova, Elena"]
[Black "Wolff, Peter"]
[Result "1/2-1/2"]
[ECO "B14"]
[WhiteElo "2148"]
[BlackElo "1893"]
[Annotator "NA"]
[PlyCount "78"]
[EventDate "2019.04.16"]
[EventType "team-tourn"]
[EventCountry "GRE"]
[SourceTitle "playchess.com"]
[Source "ChessBase"]
[SourceQuality "1"]
[WhiteTeam "Russia"]
[BlackTeam "Germany"]
[WhiteTeamCountry "RUS"]
[BlackTeamCountry "GER"]
[TimeControl "40/5400+30:1800+30"]

1. e4 c6 2. d4 d5 3. exd5 cxd5 4. c4 Nf6 5. Nc3 Nc6 6. Bg5 e6 7. c5 Be7 8. Bb5 O-O 9. Nf3 Ne4 10. Bxe7 Nxe7 11. O-O Bd7 12. Bd3 f5 13. Ne5 Be8 14. Rc1 Nc6 15. Nxc6 bxc6 16. f3 Nxc3 17. bxc3 Bd7 18. Rb1 Qc7 19. Qe2 Rab8 20. g3 Rxb1 21. Rxb1 Rb8 22. f4 Rxb1+ 23. Bxb1 Qb8 24. Bd3 g6 25. Qc2 Kg7 26. Qb3 Qc7 27. Kg2 Kf6 28. Kf3 Bc8 29. h3 h5 30. a4 Qb7 31. Qb4 Ke7 32. Ke3 Ke8 33. Be2 Ke7 34. Qxb7+ Bxb7 35. a5 Bc8 36. c4 Kf6 37. cxd5 exd5 38. Kd2 Ke7 39. Kc3 Kf6 1/2-1/2

[Event "World Senior chT-50 2019"]
[Site "Rhodes"]
[Date "2019.04.16"]
[Round "1.40"]
[White "Theuer, Carsten"]
[Black "Titorenko, Natalia I"]
[Result "1/2-1/2"]
[ECO "B29"]
[WhiteElo "1868"]
[BlackElo "2153"]
[Annotator "NA"]
[PlyCount "63"]
[EventDate "2019.04.16"]
[EventType "team-tourn"]
[EventCountry "GRE"]
[SourceTitle "playchess.com"]
[Source "ChessBase"]
[SourceQuality "1"]
[WhiteTeam "Germany"]
[BlackTeam "Russia"]
[WhiteTeamCountry "GER"]
[BlackTeamCountry "RUS"]
[TimeControl "40/5400+30:1800+30"]

1. e4 c5 2. Nf3 Nf6 3. Nc3 Nc6 4. d4 d5 5. exd5 Nxd5 6. Nxd5 Qxd5 7. c3 cxd4 8. Nxd4 Nxd4 9. Qxd4 Qxd4 10. cxd4 Bd7 11. Bd3 Bc6 12. O-O e6 13. Be3 Be7 14. Rfd1 O-O 15. f3 Rfc8 16. Rac1 Bd5 17. a3 Bd6 18. Rxc8+ Rxc8 19. Rc1 Rxc1+ 20. Bxc1 f5 21. h3 Kf7 22. Kf2 Kf6 23. f4 a6 24. Bd2 Ke7 25. g3 Kd7 26. Kf1 Be7 27. Kf2 Kc6 28. h4 b5 29. Ba5 Bc4 30. Bc2 Bf6 31. Ke3 Be7 32. Bd1 1/2-1/2

[Event "World Senior chT-50 2019"]
[Site "Rhodes"]
[Date "2019.04.17"]
[Round "2.7"]
[White "Arnason, Jon L"]
[Black "Grushka, Carlos"]
[Result "1-0"]
[ECO "C11"]
[WhiteElo "2423"]
[BlackElo "2251"]
[Annotator "NA RC"]
[PlyCount "55"]
[EventDate "2019.04.16"]
[EventType "team-tourn"]
[EventCountry "GRE"]
[SourceTitle "playchess.com"]
[Source "ChessBase"]
[SourceQuality "1"]
[WhiteTeam "Iceland"]
[BlackTeam "Argentina"]
[WhiteTeamCountry "ISL"]
[BlackTeamCountry "ARG"]
[TimeControl "40/5400+30:1800+30"]

1. e4 e6 2. d4 d5 3. Nd2 Nf6 4. e5 Nfd7 5. Ne2 c5 6. c3 Nc6 7. Nf3 b5 8. a3 {[%emt 0:04:40] C11: French: Classical System: 4 e5 and 4 Bg5 dxe4} a5 9. Nf4 Qb6 (9... b4 10. axb4 cxb4 11. h4 h6 12. Bd3 Ba6 13. Nxe6 fxe6 14. Bg6+ Ke7 15. Ng5 hxg5 16. Bxg5+ {1-0 (35) Dominguez Perez,L (2739)-Meier,G (2628) chess.com INT 2018}) 10. Be3 cxd4 11. cxd4 Be7 $146 ({Predecessor:} 11... b4 12. a4 Ba6 13. b3 Bxf1 14. Kxf1 Be7 15. h4 O-O-O {½-½ (69) Boidman,Y (2432)-Meyer,S (2150) Wiesbaden 2001}) 12. h4 h6 13. Bd3 b4 14. a4 Ba6 15. O-O g5 16. hxg5 hxg5 17. Ne2 Rg8 18. Rc1 f5 19. exf6 Bxf6 20. Ne5 Bxe5 21. dxe5 Qb7 22. Nd4 Bxd3 (22... Nxd4 $142 23. Qh5+ (23. Bxd4 Bxd3 24. Qxd3 Rg7 $18) 23... Kf8) 23. Rxc6 Bf5 24. Qh5+ Kf8 25. Rfc1 Nxe5 26. Rc7 Qb8 27. Nxe6+ Bxe6 28. Bc5# 1-0

[Event "World Senior chT-50 2019"]
[Site "Rhodes"]
[Date "2019.04.17"]
[Round "2.25"]
[White "Grant, Jonathan I M"]
[Black "Strutinskaia, Galina"]
[Result "0-1"]
[ECO "A13"]
[WhiteElo "2226"]
[BlackElo "2208"]
[Annotator "NA"]
[PlyCount "124"]
[EventDate "2019.04.16"]
[EventType "team-tourn"]
[EventCountry "GRE"]
[SourceTitle "playchess.com"]
[Source "ChessBase"]
[SourceQuality "1"]
[WhiteTeam "Scotland"]
[BlackTeam "Russia"]
[WhiteTeamCountry "SCO"]
[BlackTeamCountry "RUS"]
[TimeControl "40/5400+30:1800+30"]

1. c4 e6 2. g3 d5 3. Nf3 dxc4 4. Bg2 a6 5. Na3 b5 6. O-O Bb7 7. b3 cxb3 8. axb3 Nf6 9. Bb2 Be7 10. Qc2 Nbd7 11. Nd4 Bxg2 12. Kxg2 Nb6 13. Nc6 Qd5+ 14. f3 Bc5 15. Rfc1 Nbd7 16. Na5 Rc8 17. e4 Qh5 18. Nc6 Bb6 19. d4 Qg5 ({Better is} 19... Ra8 $14) 20. Rf1 O-O 21. Ne7+ Kh8 22. Nxc8 Rxc8 23. b4 Nh5 24. Qc1 Qe7 25. Nc2 Nb8 26. e5 g6 27. Qe3 Rd8 28. Qe4 Kg8 29. Rfd1 Ng7 30. g4 Ne8 31. Bc3 c6 32. Qf4 Nc7 33. Ne3 Nd5 34. Nxd5 Rxd5 35. Kg3 Bd8 36. Be1 Qa7 37. h4 Nd7 38. Rd2 Be7 39. Rdd1 Nxe5 40. Bf2 Nd3 41. Qd2 Nxf2 42. Qxf2 Bxb4 43. Qb2 a5 44. Kh3 Qd7 45. Qc2 a4 46. Rac1 Ba3 47. Ra1 Bd6 48. Rac1 Bf4 49. Rb1 Be3 50. Rd3 Bxd4 51. Rc1 c5 52. f4 c4 53. Rf3 h5 54. g5 Qd6 55. Rd1 a3 56. Rb1 Bb2 57. Re1 Rd3 58. Ree3 Rxe3 59. Rxe3 Qxf4 60. Re4 Qf3+ 61. Kh2 Be5+ 62. Kg1 a2 0-1

[Event "World Senior chT-50 2019"]
[Site "Rhodes"]
[Date "2019.04.17"]
[Round "2.30"]
[White "Schulz, Petra"]
[Black "Hoehn, Michael"]
[Result "1-0"]
[ECO "C41"]
[WhiteElo "2051"]
[BlackElo "2040"]
[Annotator "NA RC"]
[PlyCount "73"]
[EventDate "2019.04.16"]
[EventType "team-tourn"]
[EventCountry "GRE"]
[SourceTitle "playchess.com"]
[Source "ChessBase"]
[SourceQuality "1"]
[WhiteTeam "Germany"]
[BlackTeam "Germany"]
[WhiteTeamCountry "GER"]
[BlackTeamCountry "GER"]
[TimeControl "40/5400+30:1800+30"]

1. e4 d6 2. d4 e5 3. Nf3 exd4 4. Nxd4 Nf6 5. Nc3 Be7 6. g3 d5 7. e5 Ne4 8. Nxe4 dxe4 9. Be3 c5 10. Nb5 Qb6 11. a4 O-O 12. Qd5 Qc6 13. Qxc6 Nxc6 14. Nc7 Bg4 15. Nxa8 Bf3 16. Rg1 Rxa8 17. Be2 Nxe5 18. Rd1 b6 19. Rd5 Bf6 20. c3 c4 21. Kd2 h6 22. Ra1 Rb8 23. h4 a6 24. Bxf3 Nxf3+ 25. Ke2 b5 26. axb5 axb5 27. Bf4 Rb7 28. Ra8+ Kh7 29. Re8 b4 30. Rxe4 bxc3 31. bxc3 Ng1+ 32. Kf1 Rb1+ 33. Kg2 Bxc3 34. Rc5 Bf6 35. Rcxc4 g5 36. Bc1 gxh4 37. gxh4 1-0

[Event "World Senior chT-50 2019"]
[Site "Rhodes"]
[Date "2019.04.17"]
[Round "2.31"]
[White "Theuer, Carsten"]
[Black "Wolf, Sylvia"]
[Result "0-1"]
[ECO "B92"]
[WhiteElo "1868"]
[BlackElo "2001"]
[Annotator "NA RC"]
[PlyCount "44"]
[EventDate "2019.04.16"]
[EventType "team-tourn"]
[EventCountry "GRE"]
[SourceTitle "playchess.com"]
[Source "ChessBase"]
[SourceQuality "1"]
[WhiteTeam "Germany"]
[BlackTeam "Germany"]
[WhiteTeamCountry "GER"]
[BlackTeamCountry "GER"]
[TimeControl "40/5400+30:1800+30"]

1. e4 c5 2. Nf3 d6 3. d4 cxd4 4. Nxd4 Nf6 5. Nc3 a6 6. Be2 e5 7. Nb3 Be7 8. Be3 Be6 9. f3 b5 10. Qd2 Nbd7 11. g4 Nb6 12. Bxb6 Qxb6 13. g5 Nh5 14. Nd5 Bxd5 15. exd5 Nf4 16. h4 Ng2+ 17. Kf1 Ne3+ 18. Ke1 Rc8 19. c3 Nf5 20. Qd3 Nxh4 21. Rxh4 Qg1+ 22. Kd2 Qxg5+ {[%emt 0:00:17] Rg4 [%clk 00:43:00] [%emt 00:00:27]} 0-1

[Event "World Senior chT-50 2019"]
[Site "Rhodes"]
[Date "2019.04.17"]
[Round "2.32"]
[White "Jeske, Kirsten"]
[Black "Lanz, Udo"]
[Result "1-0"]
[ECO "B73"]
[WhiteElo "1951"]
[BlackElo "1807"]
[Annotator "NA RC"]
[PlyCount "91"]
[EventDate "2019.04.16"]
[EventType "team-tourn"]
[EventCountry "GRE"]
[SourceTitle "playchess.com"]
[Source "ChessBase"]
[SourceQuality "1"]
[WhiteTeam "Germany"]
[BlackTeam "Germany"]
[WhiteTeamCountry "GER"]
[BlackTeamCountry "GER"]
[TimeControl "40/5400+30:1800+30"]

1. e4 c5 2. Nf3 Nc6 3. d4 cxd4 4. Nxd4 Nf6 5. Nc3 d6 6. Be2 g6 7. Be3 Bg7 8. h3 Bd7 9. O-O O-O 10. Kh1 a6 11. f4 Rc8 12. Bf3 b5 13. Nxc6 Bxc6 14. Bd4 b4 15. Nd5 Nxd5 16. exd5 Bxd4 17. Qxd4 Bb5 18. Rfc1 Rc4 19. Qe3 Qc7 20. Be4 Rc8 21. a3 Qc5 22. Qxc5 R8xc5 23. Re1 Rd4 24. axb4 Rxb4 25. b3 Rc3 26. f5 Kf8 27. Kg1 Rd4 28. Rad1 Rb4 29. Rd2 Bd7 30. fxg6 hxg6 31. Rf2 Kg7 32. Bd3 e5 33. dxe6 Bxe6 34. Bxa6 Bf5 35. Ree2 d5 36. Rd2 Rb6 37. Bf1 Be4 38. g4 Rbc6 39. Bg2 Rxc2 40. Rxc2 Rxc2 41. Rxc2 Bxc2 42. Bxd5 g5 43. b4 Ba4 44. Bc4 Bc6 45. Ba6 f5 46. b5 1-0

[Event "World Senior chT-50 2019"]
[Site "Rhodes"]
[Date "2019.04.17"]
[Round "2.34"]
[White "Ilandzis, Spyridon"]
[Black "Wallace, Paul"]
[Result "1/2-1/2"]
[ECO "C60"]
[WhiteElo "2021"]
[BlackElo "2152"]
[Annotator "NA RC"]
[PlyCount "109"]
[EventDate "2019.04.16"]
[EventType "team-tourn"]
[EventCountry "GRE"]
[SourceTitle "playchess.com"]
[Source "ChessBase"]
[SourceQuality "1"]
[WhiteTeam "Greece"]
[BlackTeam "Irland"]
[WhiteTeamCountry "GRE"]
[BlackTeamCountry "AUS"]
[TimeControl "40/5400+30:1800+30"]

1. e4 e5 2. Nf3 Nc6 3. Bb5 g6 4. d4 exd4 5. Bg5 Be7 6. Bxe7 Qxe7 7. O-O Qc5 8. Bxc6 dxc6 9. Qxd4 Qxd4 10. Nxd4 Nf6 11. c4 Bd7 12. Nc3 c5 13. Ndb5 Bxb5 14. cxb5 O-O-O 15. Rad1 Rd4 16. f3 Rhd8 17. Rfe1 Rxd1 18. Rxd1 Rxd1+ 19. Nxd1 Kd7 20. Kf2 c6 21. bxc6+ Kxc6 22. Ke3 b5 23. Nf2 a5 24. g4 h6 25. h4 a4 26. g5 hxg5 27. hxg5 Nd7 28. Ng4 Kd6 29. f4 Ke6 30. Kd3 Kd6 31. Ne3 Nb6 32. f5 Ke5 33. Ng4+ Kd6 34. e5+ Ke7 35. Ne3 gxf5 36. Nxf5+ Ke6 37. Nd6 b4 38. Ke4 c4 39. Nb5 Nd7 40. Nd4+ Ke7 41. Nc6+ Ke6 42. Nxb4 Nxe5 43. Nd5 Nd3 44. Nf4+ Nxf4 45. Kxf4 Kd5 46. a3 c3 47. bxc3 Kc4 48. Kf5 Kxc3 49. Kf6 Kb3 50. Kxf7 Kxa3 51. g6 Kb2 52. g7 a3 53. g8=Q a2 54. Qb8+ Ka1 55. Ke6 1/2-1/2

[Event "World Senior chT-50 2019"]
[Site "Rhodes"]
[Date "2019.04.17"]
[Round "2.35"]
[White "MacElligott, Gerard"]
[Black "Hrisanthopoulos, Dimitrios"]
[Result "0-1"]
[ECO "E16"]
[WhiteElo "2025"]
[BlackElo "1995"]
[Annotator "NA RC"]
[PlyCount "74"]
[EventDate "2019.04.16"]
[EventType "team-tourn"]
[EventCountry "GRE"]
[SourceTitle "playchess.com"]
[Source "ChessBase"]
[SourceQuality "1"]
[WhiteTeam "Ireland"]
[BlackTeam "Greece"]
[WhiteTeamCountry "IRL"]
[BlackTeamCountry "GRE"]
[TimeControl "40/5400+30:1800+30"]

1. Nf3 Nf6 2. g3 b6 3. Bg2 Bb7 4. d4 e6 5. c4 Bb4+ 6. Bd2 a5 7. O-O O-O 8. Bf4 Be7 9. d5 exd5 10. Nh4 Nh5 11. Nf5 Nxf4 12. gxf4 Bf6 13. Nc3 Bxc3 14. bxc3 Qf6 15. Ne3 Qxf4 16. Nxd5 Bxd5 17. cxd5 d6 18. e3 Qf6 19. Qd2 Nd7 20. f4 Rae8 21. e4 Nc5 22. Rae1 Qg6 23. Qd4 f6 24. Re3 Re7 25. Rg3 Qe8 26. Re1 Qa4 27. e5 fxe5 28. fxe5 Rxe5 29. Rxe5 dxe5 30. Qd2 Qf4 31. Qc2 e4 32. Rh3 Rf6 33. c4 Qe5 34. Qd1 Qb2 35. Rg3 Qxa2 36. Bh3 Qf2+ 37. Kh1 e3 0-1